 Dungeon Crawl Stone Soup version 0.31.0-11-ge490571c62 (webtiles) character file.

Game seed: 11430636751953803493

40 qw the Shooter (level 3, 0/20 HPs)
             Began as a Deep Elf Hunter on Feb 4, 2024.
             Slain by a goblin
             ... wielding a +0 club
             ... led by Robin
              (6 damage)
             ... on level 2 of the Dungeon.
             The game lasted 00:00:05 (987 turns).

qw the Shooter (Deep Elf Hunter)                     Turns: 987, Time: 00:00:06

Health: 0/20       AC:  8    Str: 10    XL:     3   Next: 30%
Magic:  5/5        EV:  9    Int: 13    God:
Gold:   25         SH:  0    Dex: 18    Spells: 2/2 levels left

rFire   . . .        a - +0 shortbow
rCold   . . .        (shield currently unavailable)
rNeg    . . .        g - +0 scale mail
rPois   .            (no helmet)
rElec   .            (no cloak)
rCorr   .            (no gloves)
SInv    .            f - +1 pair of boots
Will    .....        (no amulet)
Stlth   +            (no ring)
HPRegen 0.23/turn    (no ring)
MPRegen 0.09/turn

%: no passive effects
@: no status effects
A: no striking features
a: no special abilities


You were on level 2 of the Dungeon.
You visited 1 branch of the dungeon, and saw 2 of its levels.

You collected 79 gold pieces.
You spent 54 gold pieces at shops.


   Skills:
 - Level 1.5 Fighting
 + Level 6.9 Ranged Weapons
 - Level 2.4 Dodging
 - Level 1.2 Stealth


You had 2 spell levels left.
You didn't know any spells.
Your spell library was empty.

Inventory:

Hand Weapons
 a - a +0 shortbow (weapon)
Armour
 c - a +0 ring mail
 f - a +1 pair of boots (worn)
 g - a +0 scale mail (worn)
Scrolls
 d - a scroll of identify
Potions
 b - a potion of might {unknown}

Dungeon Overview and Level Annotations

Branches:
Dungeon (2/15)

Altars:

Shops:
D:1 ?*:

Annotations:
D:2 Robin


Message History

You kill the bat!
The goblin shoots a sling bullet.
The sling bullet closely misses you.
You shoot an arrow. The arrow barely misses the hobgoblin.
The arrow hits the goblin.
The goblin is heavily wounded.
You hear a shout!
The hobgoblin hits you.
A goblin comes into view. It is wielding a +0 club.
You shoot an arrow. The arrow closely misses the hobgoblin.
The arrow closely misses the goblin.
You hear a shout!
The hobgoblin hits you. The hobgoblin closely misses you.
Robin of the Strong Arm comes into view.
They are wielding a +0 short sword.
You hear a shout!
You shoot an arrow.
The arrow hits the hobgoblin but does no damage.
The hobgoblin hits you.
You shoot an arrow. The arrow hits the hobgoblin!
You kill the hobgoblin!
You shoot an arrow. The arrow hits the goblin.
The goblin is severely wounded.
The goblin closely misses you.
Robin roars a battlecry!
The goblins go into a battle-frenzy!
A goblin comes into view. It is wielding a +0 club.
The goblin barely misses you.
You shoot an arrow.
The arrow hits the goblin but does no damage.
The goblin is severely wounded.
Robin throws the goblin at you! The goblin hits you but does no damage.
The goblin hits you with a +0 club.
You shoot an arrow. The arrow barely misses the goblin.
The arrow hits the goblin.
You kill the goblin!
You hear a shout!
The goblin hits you but does no damage. The goblin barely misses you.
The goblin hits you with a +0 club.
A goblin comes into view. It is wielding a +0 dagger.
The goblin hits you with a +0 club.
You die...

#.###.###.# #.#####
#.........# #.....#
#####.##..# #####.#
#.##..#######.#######
#.##.................
#.##.########'#......
#.##.# #............)
#+##g# #........:....
#@# #.............
#g# #.............


ggg #...>........[ g(...#.....%....... ......####'###...... .......# #.###......
........# #.......... #####....# #.........# #.........# You could see Robin, 2
hobgoblins and 3 goblins.

Vanquished Creatures
  A dart slug (D:1)
  6 ball pythons
  4 endoplasms
  3 giant cockroaches
  2 hobgoblins
  A quokka (D:1)
  5 bats
  A frilled lizard (D:2)
  7 goblins
  2 kobolds (D:1)
  4 rats
36 creatures vanquished.

Notes
Turn   | Place    | Note
-------+----------+-------------------------------------------
     0 | D:1      | qw the Deep Elf Hunter began the quest for the Orb.
     0 | D:1      | Reached XP level 1. HP: 12/12 MP: 3/3
     0 | D:1      | 0 ||| qw: Version: 0.3-a-160-g6735b56
     0 | D:1      | 0 ||| qw: Game counter: 5897
     0 | D:1      | 0 ||| qw: Melee chars always use a shield: true
     0 | D:1      | 0 ||| qw: God list: Okawaru
     0 | D:1      | 0 ||| qw: Allow faded altars: false
     0 | D:1      | 0 ||| qw: Do Orc after clearing Dungeon:15 true
     0 | D:1      | 0 ||| qw: Do second Lair branch before Depths: true
     0 | D:1      | 0 ||| qw: Lair rune preference: random
     0 | D:1      | 0 ||| qw: Goals: Normal
     0 | D:1      | 0 ||| PLANNING D:1-11
    69 | D:1      | Found a faded altar of an unknown god.
    79 | D:1      | Found Qosuckej's Book Emporium.
   132 | D:1      | Reached XP level 2. HP: 15/16 MP: 4/4
   146 | D:1      | Reached skill level 6 in Ranged Weapons
   384 | D:1      | Found Cusix's General Store.
   397 | D:1      | 397 ||| SHOPLISTING scroll of enchant weapon (105 gold,
                  | have 42).
   397 | D:1      | 397 ||| BUYING scroll of identify (28 gold).
   397 | D:1      | Bought a scroll of identify for 28 gold pieces
   397 | D:1      | 397 ||| SHOPLISTING scroll of identify (28 gold, have 14).
   462 | D:1      | Found Yfryjaips's Magic Scroll Shoppe.
   474 | D:1      | 474 ||| SHOPLISTING scroll of enchant weapon (97 gold, have
                  | 27).
   474 | D:1      | 474 ||| BUYING scroll of identify (26 gold).
   474 | D:1      | Bought a scroll of identify for 26 gold pieces
   474 | D:1      | 474 ||| SHOPLISTING scroll of teleportation (39 gold, have
                  | 1).
   598 | D:1      | Reached XP level 3. HP: 20/20 MP: 5/5
   712 | D:1      | 712 ||| UPGRADING to +1 pair of boots.
   717 | D:1      | 717 ||| UPGRADING to +0 scale mail.
   727 | D:1      | 727 ||| DROPPING +0 leather armour.
   728 | D:1      | 728 ||| READING 2 scrolls of identify.
   728 | D:1      | 728 ||| IDENTIFYING scroll labelled HUTZYASHRAG
   729 | D:1      | 729 ||| READING scroll of identify.
   729 | D:1      | 729 ||| IDENTIFYING 2 scrolls labelled BOED DAJUZUCW
   730 | D:1      | 730 ||| DROPPING scroll of butterflies.
   731 | D:1      | 731 ||| DROPPING 2 scrolls of noise.
   732 | D:1      | 732 ||| DROPPING scroll of immolation.
   982 | D:2      | Noticed Robin
   987 | D:2      | Slain by a goblin

Levels and vault maps discovered:
D:1:      psy_arrival_conway, layout_loops_cross,
          hellmonk_ecumenical_altar_arch_garden, serial_shops,
          nicolae_shop_waterfront, shop, nicolae_book_shop_shelving
D:2:      layout_basic, minivault_25, uniq_robin

Skill      XL: |  1  2 |
---------------+-------+-----
Ranged Weapons | 6 |  6.9
Fighting       | |  1.5
Dodging        | |  2.4
Stealth        | |  1.2

Action                     || total
---------------------------++-------
   Fire: Shortbow          ||    84
    Use: Scroll            ||     2
 Armour: Leather armour    ||     4
         Scale mail        ||    14
  Dodge: Dodged            ||    16

Table legend:
 A = Non-vault XP
 B = Vault XP
 C = Vault XP percentage of total XP
 D = Non-vault monster count
 E = Vault monster count
 F = Vault count percentage of total count
                 A         B        C        D         E       F
            +---------+---------+-------+---------+---------+-------
      Total |      56 |       4 |   6.7 |      34 |       2 |   5.6
            +---------+---------+-------+---------+---------+-------
        D:1 |      42 |       0 |   0.0 |      25 |       0 |   0.0
        D:2 |      14 |       4 |  22.2 |       9 |       2 |  18.2
            +---------+---------+-------+---------+---------+-------
